cohdb
Replays
Latest Replays
All Replays
Popular Replays
Top Player Replays
Match Explorer
How It Works
Community
CoH3 Stats
Reddit
Sign in to upload your games and track your stats! →
Sign in with Steam
Match 43612670
Unlisted
Match 43612670
Overview
Messages
Build Orders
End
Construct Barracks
Engineer Squad
Riflemen Squad
Riflemen Squad
Infantry Support Center
Construct Weapon Support Center
M1919 Machine Gun Team
M1 Mortar Team
Construct Medical Station
M1918 Browning Automatic Rifles
Grenade Package
Bazooka Squad
Construct Motor Pool
Selects Advanced Infantry Battlegroup
Selects Convert to Ranger Squad
Convert to Ranger Squad
M1919 Machine Gun Team
Advanced Logistics
Selects Designate Assault Position
Selects Ranger Weapon Training
Selects Ammunition Storage
Engineer Squad
Selects M2A1 105mm Howitzer Emplacement
Improved M9 Bazooka Rockets
Convert to Ranger Squad
Selects Free Fire Drills
M24 Chaffee Light Tank
Riflemen Squad
Anticafe
Onkor
Symbiosis
deceiv3r
0
0
Comments
sign in to comment!
No comments posted yet!